 Dungeon Crawl Stone Soup version 0.17-a0-435-gc4df345 (webtiles) character file.

42 Hanyuu the Digger (level 3, -3/22 HPs)
             Began as a Gargoyle Earth Elementalist on Apr 5, 2015.
             Slain by a gnoll
             ... wielding a +1 spear of flaming
              (5 damage)
             ... on level 2 of the Dungeon.
             The game lasted 00:05:33 (1076 turns).

Hanyuu the Digger (Gargoyle Earth Elementalist)     Turns: 1076, Time: 00:05:33

Health: -3/22      AC:  8    Str: 12    XL:     3   Next: 56%
Magic:  1/6        EV: 12    Int: 15    God:
Gold:   65         SH:  0    Dex: 12    Spells: 3 memorised, 1 level left

rFire  . . .     SeeInvis .     f - +0 dagger
rCold  . . .     Clarity  .     c - +0 robe
rNeg   + . .     SustAb   .     (no shield)
rPois  ∞         Gourm    .     (no helmet)
rElec  +         Spirit   .     i - +2 cloak
rCorr  .         Warding  .     (no gloves)
rMut   .         Stasis   .     (no boots)
MR     .....                    h - amulet of faith
Stlth  ++........               (no ring)
                                g - +2 ring of dexterity

@: not resistant to hostile enchantments, unstealthy
A: negative energy resistance 1, electricity resistance, unbreathing,
petrification resistance, rot immunity, AC +3
a: no special abilities


You were on level 2 of the Dungeon.
You were not hungry.

You visited 1 branch of the dungeon, and saw 2 of its levels.

You collected 65 gold pieces.

Inventory:

Hand weapons
 f - a +0 dagger (weapon)
Missiles
 b - 63 stones (quivered)
 j - 10 poisoned needles
Armour
 c - a +0 robe (worn)
 e - a +0 leather armour
 i - a +2 cloak (worn)
Jewellery
 g - a +2 ring of dexterity (left hand)
 h - an amulet of faith (around neck)
Scrolls
 l - a scroll of random uselessness {unknown}
 m - a scroll of identify {unknown}
Potions
 k - a potion of invisibility {unknown}
Books
 d - a book of Geomancy

   Spells                             Type                      Level
   a - Sandblast                      Earth                        1
   b - Stoneskin                      Transmutation/Earth          2
   c - Passwall                       Transmutation/Earth          3
   d - Stone Arrow                    Conjuration/Earth            3
   e - Petrify                        Transmutation/Earth          4
   f - Lee's Rapid Deconstruction     Earth                        5
Comestibles
 a - a bread ration


   Skills:
 + Level 2.3 Fighting
 - Level 1.5 Dodging
 - Level 2.1 Stealth
 - Level 2.6 Spellcasting
 + Level 0.9 Conjurations
 - Level 0.7 Transmutations
 - Level 3.6 Earth Magic


You had one spell level left.
You knew the following spells:

 Your Spells              Type           Power        Failure   Level  Hunger
a - Sandblast             Erth           ##....       6%          1    #......
b - Stoneskin             Trmt/Erth      #.......     14%         2    ###....
c - Stone Arrow           Conj/Erth      #.....       30%         3    ###....


Dungeon Overview and Level Annotations

Branches:
Dungeon (2/15)

Altars:


Innate Abilities, Weirdness & Mutations

You are resistant to torment.
Your stone body is resilient (AC +3).
You are immune to poison.
You resist negative energy.
You are resistant to electric shocks.
You can survive without breathing.
You are immune to petrification.
You are immune to rotting.


Message History

The gnoll burns you.
You completely miss the gnoll.
The gnoll is heavily wounded.
The gnoll hits you but does no damage.
The gnoll hits you from afar with a spear of flaming!
* * * LOW HITPOINT WARNING * * *
The gnoll burns you.
* * * LOW HITPOINT WARNING * * *
Your magical contamination has completely faded away.
There is a stone staircase leading up here.
You see here a hobgoblin corpse.
Casting: Sandblast
Confirm with . or Enter, or press ? or * to list all spells.
Aiming: Sandblast
Press: ? - help, Shift-Dir - straight line, f - gnoll
Aim: a gnoll, wielding a whip (heavily wounded)
The blast of sand misses the gnoll. x2
The gnoll hits you but does no damage.
The gnoll hits you from afar with a spear of flaming.
You die...

#######.#
#..†....#
######.#######
#.....#......#
#<####.#####.#
#†# #.# #g#
#.# #g# #..
#@# #### #.#
#.# #.. ###


You could see 2 gnolls.

Vanquished Creatures
  A gnoll (D:2)
  An ooze (D:1)
  3 goblins (D:1)
  A hobgoblin (D:2)
  5 jackals (D:1)
  4 kobolds (D:1)
  2 ball pythons
  4 bats (D:1)
  3 giant cockroaches
  3 giant newts (D:1)
  2 rats (D:1)
29 creatures vanquished.

Notes
Turn   | Place    | Note
--------------------------------------------------------------
     0 | D:1      | Hanyuu, the Gargoyle Earth Elementalist, began the quest for the Orb.
     0 | D:1      | Reached XP level 1. HP: 10/10 MP: 3/3
   223 | D:1      | Reached skill level 1 in Fighting
   223 | D:1      | Reached XP level 2. HP: 6/16 MP: 1/5
   416 | D:1      | Learned a level 2 spell: Stoneskin
   646 | D:1      | Reached XP level 3. HP: 16/21 MP: 3/6
  1014 | D:2      | Learned a level 3 spell: Stone Arrow
  1065 | D:2      | HP: 1/22 [gnoll/spear of flaming (3)]
  1076 | D:2      | Slain by a gnoll

Action                   || total
-------------------------++-------
Melee: Unarmed           ||    18
       Dagger            ||    93
 Cast: Sandblast         ||    33
       Stone Arrow       ||     1
 Stab: Sleeping          ||     2
  Eat: Chunk             ||     1
